 Dungeon Crawl Stone Soup version 0.28-a0-472-g50180c0d78 (webtiles) character file.

Game seed: 17009618569093506041

43 Morbidden the Firebug (level 3, -1/16 HPs)
             Began as a Vine Stalker Fire Elementalist on Sept 15, 2021.
             Succumbed to an adder's poison
             ... on level 1 of the Dungeon.
             The game lasted 00:01:21 (1885 turns).

Morbidden the Firebug (VSFE)                        Turns: 1885, Time: 00:01:22

Health: -1/16      AC:  6    Str: 10    XL:     3   Next: 58%
Magic:  5/8        EV: 12    Int: 16    God:
Gold:   48         SH:  0    Dex: 14    Spells: 6/7 levels left

rFire   . . .      SeeInvis .   (no weapon)
rCold   . . .      Faith    .   (no shield)
rNeg    . . .      Spirit   +   a - +0 robe
rPois   .          Reflect  .   (no helmet)
rElec   .          Harm     .   (no cloak)
rCorr   .          Rampage  .   (no gloves)
Will    .....                   (no boots)
Stlth   ++........              (no amulet)
HPRegen 0.05/turn               e - +4 ring of protection
MPRegen 0.11/turn               (no ring)

@: lethally poisoned (-1 -> -10)
A: fangs 2, magic shield, antimagic bite, no potion heal 2
a: no special abilities


You were on level 1 of the Dungeon.
You visited 1 branch of the dungeon, and saw 2 of its levels.

You collected 48 gold pieces.

Inventory:

Armour
 a - a +0 robe (worn)
Jewellery
 e - a +4 ring of protection (left hand)
Scrolls
 c - a scroll of vulnerability {unknown}
 d - 5 scrolls of identify {unknown}
 f - a scroll of holy word {unknown}


   Skills:
 * Level 0.1 Fighting
 + Level 1.5 Dodging
 + Level 2.7 Stealth
 + Level 0.1 Unarmed Combat
 * Level 2.8 Spellcasting
 * Level 1.6 Conjurations
 * Level 3.6 Fire Magic


You had 6 spell levels left.
You knew the following spells:

 Your Spells              Type           Power      Damage    Failure   Level
a - Foxfire               Conj/Fire      40%        2x1d6     6%          1

Your spell library contained the following spells:

 Spells                   Type           Power      Damage    Failure   Level
 Scorch                   Fire           26%        2d6       6%          2
 Conjure Flame            Conj/Fire      10%        6-21      19%         3
 Inner Flame              Hex/Fire       8%         N/A       26%         3
 Flame Wave               Conj/Fire      10%        3d4       54%         4
 Airstrike                Air            1%         N/A       88%         4
 Summon Lightning Spire   Summ/Air       2%         N/A       88%         4
 Lightning Bolt           Conj/Air       2%         1d13      98%         5


Dungeon Overview and Level Annotations

Branches:
Dungeon (2/15)

Altars:


Innate Abilities, Weirdness & Mutations

You have extremely sharp teeth.
When hurt, damage is shared between your health and your magic reserves.
Your bite disrupts and absorbs the magic of your enemies.
Potions cannot restore your health.


Message History

The adder hisses angrily.
The adder bites you. The adder bites you.
You are poisoned.
The adder poisons you!
You feel sick. The adder bites you but does no damage.
Unknown command.
You feel sick.
You feel sick. The adder closely misses you.
Casting: Foxfire (safe; 6% risk of failure)
Confirm with . or Enter, or press ? or * to list all spells.
You don't know that spell.
Unknown command.
You feel sick.
You see here 22 sling bullets.
You feel sick. The adder bites you.
You feel sick.
You feel sick.
You are no longer poisoned.
The adder bites you but does no damage. The adder bites you.
* * * LOW HITPOINT WARNING * * *
The adder barely misses you. The adder barely misses you.
It was a potion of magic.
Magic courses through your body. The adder completely misses you.
The adder closely misses you. The adder bites you.
* * * LOW HITPOINT WARNING * * *
You are lethally poisoned!
The adder poisons you!
You can't go up here!
* * * LOW HITPOINT WARNING * * *
You feel sick. The adder closely misses you.
There is an escape hatch in the ceiling here.
* * * LOW HITPOINT WARNING * * *
You feel sick. The adder bites you.
You are more poisoned.
The adder poisons you! The adder bites you but does no damage.
A mysterious force pulls you upwards. The hatch slams shut behind you.
You die...

#.....................
#..................###
#........)............
#...........###.......
#.......(...###.......
#...........#.........
#####...........#.........
#........S......#.........
#........@......#.........
#........S.....>#.........
#.....###########.........
#.....# #######.........
#..)..# #....##.........
#.....# #....##.........
#.....# #....##.........
#.....# #............#.#
#.....# #............+.#


You could see 2 adders.

Vanquished Creatures
  An adder (D:2)
  2 dart slugs (D:1)
  4 endoplasms
  A giant cockroach (D:1)
  A goblin (D:1)
  2 hobgoblins
  3 jackals (D:1)
  4 kobolds (D:1)
  A quokka (D:1)
  A ball python (D:1)
  3 bats (D:1)
  3 frilled lizards (D:1)
  2 rats (D:1)
28 creatures vanquished.

Vanquished Creatures (others)
  136 foxfires
136 creatures vanquished.

Grand Total: 164 creatures vanquished

Notes
Turn   | Place    | Note
-------+----------+-------------------------------------------
     0 | D:1      | Morbidden the Vine Stalker Fire Elementalist began the
                  | quest for the Orb.
     0 | D:1      | Reached XP level 1. HP: 9/9 MP: 4/4
   243 | D:1      | Reached XP level 2. HP: 13/13 MP: 0/6
   854 | D:1      | Reached XP level 3. HP: 16/16 MP: 2/7
  1885 | D:1      | Succumbed to an adder's poison

Illustrated notes

Levels and vault maps discovered:
D:1:      nagdon_arrival_zigzag_paths, layout_basic
D:2:      layout_loops_ring, shapermc_ecumenical_altar_venn,
          kennysheep_big_empty_room

Action                   || total
-------------------------++-------
Melee: Unarmed           ||     1
       Bite              ||     1
 Cast: Foxfire           ||    79
  Use: Potion            ||     1
Armor: Robe              ||     8
Dodge: Dodged            ||    12

Table legend: (Time is in decaauts)
 A = Elapsed time spent in this place.
 B = Non-inter-level travel time spent in this place.
 C = Inter-level travel time spent in this place.
 D = Time resting spent in this place.
 E = Time spent auto-exploring this place.
 F = Levels seen in this place.
 G = Mean time per level.
                   A        B        C        D        E       F      G
               +--------+--------+--------+--------+--------+-----+--------+
         Total |   1884 |   1879 |      5 |    171 |   1420 |   2 |  942.0 |
       Dungeon |   1884 |   1879 |      5 |    171 |   1420 |   2 |  942.0 |
               +--------+--------+--------+--------+--------+-----+--------+

Top non-repeatable levels by time:
     D:1: 1436 daAuts
     D:2: 447 daAuts
